 Dungeon Crawl Stone Soup version 0.19.1 (console) character file.

399 nht the Cleaver (level 6, -1/51 HPs)
             Began as a Minotaur Chaos Knight on Nov 24, 2016.
             Killed by nerve-wracking pain
             ... invoked by Grinder
              (3 damage)
             ... on level 4 of the Dungeon.
             The game lasted 00:04:30 (2795 turns).

nht the Cleaver (Minotaur Chaos Knight)             Turns: 2795, Time: 00:04:31

Health: -1/51      AC:  8    Str: 23    XL:     6   Next: 54%
Magic:  5/5        EV: 11    Int:  9    God:    Xom [..*...]
Gold:   195        SH:  0    Dex: 10    Spells: 0 memorised, 5 levels left

rFire  . . .     SeeInvis .     a - +1 hand axe (chaos)
rCold  . . .     Gourm    .     b - +2 leather armour
rNeg   . . .     Faith    .     (no shield)
rPois  .         Spirit   .     (helmet restricted)
rElec  .         Reflect  .     l - +1 cloak
rCorr  .         Harm     .     i - +0 pair of gloves
MR     .....                    (no boots)
Stlth  +.........               (no amulet)
                                (no ring)
                                (no ring)

@: mighty
A: retaliatory headbutt, horns 2
a: Renounce Religion


You were on level 4 of the Dungeon.
You worshipped Xom.
You were a toy of Xom.
You were not hungry.

You visited 1 branch of the dungeon, and saw 4 of its levels.

You collected 195 gold pieces.

Inventory:

Hand Weapons
 a - a +1 hand axe of chaos (weapon)
Armour
 b - a +2 leather armour (worn)
 i - a +0 pair of gloves (worn)
 l - a +1 cloak (worn)
Jewellery
 h - a cursed -5 ring of evasion
Wands
 n - a wand of paralysis (8/24)
Scrolls
 d - 6 scrolls of identify
 j - a scroll of teleportation
Potions
 e - a potion of curing
Comestibles
 c - 3 bread rations
 f - 3 meat rations
 g - 17 chunks of flesh
 k - 3 fruits
 o - a royal jelly


   Skills:
 - Level 3.6 Fighting
 + Level 9.0 Axes
 - Level 2.4 Armour
 - Level 1.1 Dodging


You had 5 spell levels left.
You didn't know any spells.

Dungeon Overview and Level Annotations

Branches:
Dungeon (4/15)
 Temple: D:4-7

Altars:
Nemelex Xobeh

Annotations:
D:4 Grinder


Innate Abilities, Weirdness & Mutations

You reflexively headbutt those who attack you in melee.
You have a pair of horns on your head.


Message History

* * * LOW HITPOINT WARNING * * *
You are too injured to fight recklessly!
You slash Grinder! You burn Grinder. Your headbutt misses Grinder.
Grinder is heavily wounded.
Grinder says, "You look like you could use a good racking."
Grinder closely misses you.
You hit Grinder but do no damage. Your headbutt misses Grinder.
Grinder is heavily wounded.
You hit Grinder. Your headbutt misses Grinder.
Grinder is severely wounded.
Grinder hits you.
* * * LOW HITPOINT WARNING * * *
You writhe in agony.
* * * LOW HITPOINT WARNING * * *
You closely miss Grinder.
Grinder is severely wounded.
Grinder gestures at you. Pain shoots through your body!
You die...
Xom thinks this is hilarious!

..........███†██████.......██
██████..███ █.█ ██.█.....██
██.██ ██.█ ███..█████..█
█..███..█ █.....█ ██..
██..██.████.....█ ███
██.██..........█ █
████.█...███.....█ ..
█.....<███ █.....█ .██
█......5@.█████....█ █.█
█>......██...█ █.██... ...
█.......████.█ █.█ ...█ █.
█........ ..█ .. ....(█
█.......█ ...$ . █ █.......█
█.... ... █........ ......
... ...... ..█ █..... ..


You could see Grinder.

Vanquished Creatures
  The ghost of dscm the Digger, an amateur OpEE (D:4)
  A scorpion (D:4)
  2 hounds (D:4)
  Jessica (D:2)
  Terence (D:3)
  Robin (D:3)
  2 adders
  3 gnolls (D:2)
  3 oozes
  5 worms
  A dart slug (D:3)
  3 leopard geckos
  5 orcs (D:4)
  12 bats
  A giant cockroach (D:2)
  13 goblins
  6 hobgoblins
  5 jackals
  6 kobolds
  A quokka (D:3)
  2 ball pythons (D:3)
  3 frilled lizards
  2 rats
  A bush (D:3)
81 creatures vanquished.

Vanquished Creatures (others)
  A bush (D:3)
  A plant (D:3)
2 creatures vanquished.

Grand Total: 83 creatures vanquished

Notes
Turn   | Place    | Note
-------+----------+-------------------------------------------
     0 | D:1      | nht the Minotaur Chaos Knight began the quest for the Orb.
     0 | D:1      | Reached XP level 1. HP: 19/19 MP: 0/0
    83 | D:1      | XOM: divination: magic mapping
   109 | D:1      | XOM: harmless Ice miscast
   475 | D:1      | Reached skill level 4 in Axes
   745 | D:1      | Reached XP level 2. HP: 26/26 MP: 1/1
   883 | D:1      | Found a sparkling altar of Nemelex Xobeh.
  1002 | D:2      | XOM: harmless Air miscast
  1158 | D:2      | XOM: potion effect (might)
  1161 | D:2      | Reached skill level 5 in Axes
  1161 | D:2      | Reached XP level 3. HP: 26/31 MP: 2/2
  1190 | D:2      | XOM: divination: detect items
  1266 | D:2      | XOM: divination: detect items
  1418 | D:2      | Reached skill level 6 in Axes
  1418 | D:2      | Reached XP level 4. HP: 20/39 MP: 3/3
  1521 | D:2      | Noticed Jessica
  1523 | D:2      | Killed Jessica
  1688 | D:3      | Noticed Robin
  1699 | D:3      | Killed Robin
  1788 | D:3      | Reached XP level 5. HP: 25/45 MP: 4/4
  1812 | D:3      | Reached skill level 7 in Axes
  1999 | D:3      | Noticed Terence
  2007 | D:3      | Killed Terence
  2733 | D:4      | Noticed dscm's ghost (amateur OpEE)
  2738 | D:4      | Reached skill level 8 in Axes
  2741 | D:4      | XOM: potion effect (might)
  2744 | D:4      | Killed dscm's ghost
  2744 | D:4      | Reached XP level 6. HP: 51/51 MP: 5/5
  2750 | D:4      | Reached skill level 9 in Axes
  2774 | D:4      | Noticed Grinder
  2782 | D:4      | Paralysed by Grinder for 7 turns
  2794 | D:4      | HP: 2/51 [Grinder (6)]
  2795 | D:4      | Killed from afar by Grinder

Skill      XL: |  1  2  3  4  5  6 |
---------------+-------------------+-----
Axes           | 4 5 6 8 9 |  9.0
Fighting       | |  3.6
Armour         | |  2.4
Dodging        | |  1.1

Action                   |  1- 3 |  4- 6 || total
-------------------------+-------+-------++-------
Melee: Hand axe          |    65 |   153 ||   218
       Headbutt          |    11 |    30 ||    41
  Use: Scroll            |     6 |     3 ||     9
       Potion            |     1 |     2 ||     3
  Eat: Chunk             |     1 |     5 ||     6
Armor: Leather armour    |    42 |    38 ||    80
Dodge: Dodged            |    33 |    52 ||    85
